 Dungeon Crawl Stone Soup version 0.18.1-8-gdd0e5ea (webtiles) character file.

57 FrancescoMac the Slasher (level 4, -6/35 HPs)
             Began as a Human Chaos Knight on May 22, 2016.
             Mangled by a gnoll
             ... wielding a +0 whip
              (10 damage)
             ... on level 2 of the Dungeon on May 30, 2016.
             The game lasted 00:05:08 (977 turns).

FrancescoMac the Slasher (Human Chaos Knight)        Turns: 977, Time: 00:05:08

Health: -6/35      AC:  6    Str: 13    XL:     4   Next: 18%
Magic:  4/4        EV: 11    Int: 12    God:    Xom [.*....]
Gold:   92         SH:  0    Dex: 13    Spells: 0 memorised, 3 levels left

rFire  . . .     SeeInvis .     a - +0 falchion (chaos)
rCold  . . .     Gourm    .     b - +2 leather armour
rNeg   . . .     Faith    .     (no shield)
rPois  .         Spirit   .     (no helmet)
rElec  .         Dismiss  .     (no cloak)
rCorr  .         Reflect  .     m - +0 pair of gloves
SustAt .         Harm     .     (no boots)
MR     .....                    (no amulet)
Stlth  +.........               (no ring)
                                (no ring)

@: not resistant to hostile enchantments, very unstealthy
A: no striking features
a: Renounce Religion


You were on level 2 of the Dungeon.
You worshipped Xom.
You were a plaything of Xom.
You were not hungry.

You visited 1 branch of the dungeon, and saw 2 of its levels.

You collected 92 gold pieces.

Inventory:

Hand Weapons
 a - a +0 falchion of chaos (weapon)
Armour
 b - a +2 leather armour (worn)
 h - a +0 scale mail of magic resistance
 m - a +0 pair of gloves (worn)
Scrolls
 e - a scroll of blinking
 f - a scroll of teleportation {unknown}
Potions
 g - a potion of brilliance {unknown}
Comestibles
 c - 2 bread rations
 d - 2 chunks of flesh


   Skills:
 + Level 3.5 Fighting
 + Level 3.5 Long Blades
 + Level 2.8 Armour
 + Level 1.6 Dodging


You had 3 spell levels left.
You didn't know any spells.

Dungeon Overview and Level Annotations

Branches:
Dungeon (2/15)

Altars:
Gozag
Nemelex Xobeh


Message History

You closely miss the gnoll.
The gnoll is lightly wounded.
The gnoll hits you but does no damage. The gnoll misses you.
You hit the gnoll but do no damage.
The gnoll is lightly wounded.
The gnoll hits you with a whip! The gnoll closely misses you.
The gnoll hits you with a whip.
* * * LOW HITPOINT WARNING * * *
You are too injured to fight recklessly!
You are too injured to fight recklessly!
You are too injured to fight recklessly!
The gnoll hits you from afar with a halberd.
* * * LOW HITPOINT WARNING * * *
You hit the gnoll but do no damage.
The gnoll is lightly wounded.
The gnoll barely misses you. The gnoll hits you but does no damage.
The gnoll barely misses you. The gnoll hits you with a whip!
You die...
Xom laughs nastily!

#...#..
.......############
.......#b.........#
........b.........######
....b..#b...............
.........b..........รท...
......g#.........######.
......g@..##...#.# #.
#...#.##g.###.##.# #. #
#.......##..##.# #.
#..###.###.###.######.
#......###.###.#......
#............#.#.####.
##..##.###.#.#.#......
#.. #.# #.#.#.#..#### #.
#.# #.#.#.#..# #


You could see 3 gnolls.

Vanquished Creatures
  2 adders (D:2)
  A giant gecko (D:1)
  A giant cockroach (D:2)
  4 hobgoblins (D:1)
  8 jackals (D:1)
  5 bats (D:1)
  4 giant newts
  3 goblins
  7 kobolds
  4 rats (D:1)
39 creatures vanquished.

Vanquished Creatures (collateral kills)
  A rat (D:1)
1 creature vanquished.

Grand Total: 40 creatures vanquished

Notes
Turn   | Place    | Note
--------------------------------------------------------------
     0 | D:1      | FrancescoMac the Human Chaos Knight began the quest for the Orb.
     0 | D:1      | Reached XP level 1. HP: 18/18 MP: 1/1
    57 | D:1      | XOM: potion effect (berserk rage)
    59 | D:1      | Reached XP level 2. HP: 24/24 MP: 2/2
   356 | D:1      | Reached XP level 3. HP: 28/29 MP: 3/3
   505 | D:1      | XOM: divination: detect creatures
   517 | D:1      | XOM: 2-stop teleportation journey
   610 | D:1      | XOM: colour smoke trail
   912 | D:2      | Reached XP level 4. HP: 27/35 MP: 4/4
   933 | D:2      | Found a sparkling altar of Nemelex Xobeh.
   933 | D:2      | Found an opulent altar of Gozag.
   972 | D:2      | XOM: butterfly on damage
   977 | D:2      | Mangled by a gnoll

Action                   |  1- 3 |  4- 6 || total
-------------------------+-------+-------++-------
Melee: Falchion          |   116 |     8 ||   124
  Use: Scroll            |     4 |       ||     4
       Potion            |     3 |       ||     3
 Stab: Confused          |     1 |       ||     1
  Eat: Beef jerky        |     1 |       ||     1
Armor: Leather armour    |    77 |     3 ||    80
Dodge: Dodged            |    77 |     9 ||    86
